 Dungeon Crawl Stone Soup version 0.30-a0-996-ga6910c8ee8 (webtiles) character file.

Game seed: 9004834462524683067

23 promet the Sneak (level 2, -2/19 HPs)
             Began as an Octopode Brigand on Apr 4, 2023.
             Slain by a gnoll
             ... wielding a +0 halberd
              (7 damage)
             ... on level 2 of the Dungeon.
             The game lasted 00:03:23 (812 turns).

promet the Sneak (Octopode Brigand)                  Turns: 812, Time: 00:03:23

Health: -2/19      AC:  1    Str: 10    XL:     2   Next: 95%
Magic:  2/2        EV: 12    Int: 13    God:
Gold:   84         SH:  0    Dex: 13    Spells: 1/1 levels left

rFire   . . .      SeeInvis .    a - +2 dagger
rCold   . . .      Faith    .    (no shield)
rNeg    . . .      Spirit   .    (helmet restricted)
rPois   .          Reflect  .    (no amulet)
rElec   .          Rampage  .    (no ring)
rCorr   .                        (no ring)
Will    .....                    (no ring)
Stlth   ++++                     (no ring)
HPRegen 0.23/turn                (no ring)
MPRegen 0.08/turn                (no ring)
                                 (no ring)
                                 (no ring)

@: no status effects
A: almost no armour, amphibious, 8 rings, camouflage 1, gelatinous body 1,
(nimble swimmer 1), tentacles
a: no special abilities


You were on level 2 of the Dungeon.
You visited 1 branch of the dungeon, and saw 2 of its levels.

You collected 84 gold pieces.

Inventory:

Hand Weapons
 a - a +2 dagger (weapon)
 b - a +0 sling
Missiles
 c - 3 curare-tipped darts
 g - 9 poisoned darts (quivered)
 j - 8 stones
Potions
 d - 2 potions of lignification
 e - a potion of cancellation
 k - a potion of flight {unknown}


   Skills:
 + Level 2.0 Fighting
 + Level 2.2 Short Blades
 + Level 2.1 Throwing
 + Level 1.1 Dodging
 + Level 6.2 Stealth


You had one spell level left.
You didn't know any spells.
Your spell library was empty.

Dungeon Overview and Level Annotations

Branches:
Dungeon (2/15)

Altars:


Innate Abilities, Weirdness & Mutations

You cannot wear most types of armour.
You are amphibious.
You can wear up to eight rings at the same time.
Your skin changes colour to match your surroundings (Stealth+).
Your rubbery body absorbs attacks. (AC +1, EV +1)
((You are camouflaged when in or above water. (Stealth+)))
You have tentacles for arms and can constrict up to eight enemies at once.


Message History

You kill the jackal!
The jackal barks!
You hear a shout!
The jackal closely misses you.
You hit the jackal. You grab the jackal.
The jackal is severely wounded.
You constrict the jackal, but do no damage.
The jackal bites you.
A kobold comes into view. It is wielding a +0 dagger.
The jackal barely misses you.
You hit the jackal.
The jackal is almost dead.
You constrict the jackal.
You kill the jackal!
The kobold closely misses you.
You barely miss the kobold. You grab the kobold.
You squeeze the kobold, but do no damage.
You constrict the kobold. The kobold hits you with a +0 dagger.
You hit the kobold.
You kill the kobold!
You now have 84 gold pieces (gained 13).
j - 8 stones (gained 3)
Things that are here:
a +0 dagger; a kobold corpse A frilled lizard comes into view.
Things that are here:
a +0 dagger; a kobold corpse You strike the helpless endoplasm from behind!
You puncture the endoplasm!
You kill the endoplasm!
The gnoll shouts! x2
The gnoll misses you. The gnoll barely misses you. The gnoll barely misses you.
The gnoll hits you with a +0 halberd!
Ouch! That really hurt!
* * * LOW HITPOINT WARNING * * *
You hit the gnoll. You grab the gnoll.
The gnoll is moderately wounded.
You constrict the gnoll. The gnoll hits you with a +0 halberd!
You die...

)...........).#.#g..?.#..#
#.† ##...........#..#..J.
#..# #..
#........#..#..#J(.. #..#
#.. ..........##.#..#...
#..# #..
..........##.#..#######..#
#..
..........##.#.#.....#...#
#.#
.......#####.##.....#..###
#. .#...### #.#######..##
#....@gg..## ######.####
...# ##.## .. ##. #. ..


You could see 2 gnolls.

Vanquished Creatures
  A dart slug (D:1)
  3 endoplasms
  2 giant cockroaches (D:1)
  2 hobgoblins (D:2)
  5 jackals
  A ball python (D:1)
  A bat (D:1)
  A frilled lizard (D:1)
  2 kobolds
18 creatures vanquished.

Notes
Turn   | Place    | Note
-------+----------+-------------------------------------------
     0 | D:1      | promet the Octopode Brigand began the quest for the Orb.
     0 | D:1      | Reached XP level 1. HP: 14/14 MP: 1/1
   121 | D:1      | Reached XP level 2. HP: 19/19 MP: 2/2
   653 | D:2      | Reached skill level 6 in Stealth
   812 | D:2      | Slain by a gnoll

Illustrated notes

Levels and vault maps discovered:
D:1:      lemuel_arrival_muddy, layout_rooms, chequers_serial_rivers_marsh,
          hangedman_decor_clover_reticule
D:2:      layout_loops_ring, shapermc_ecumenical_altar_mp_highgroup,
          minmay_3d_cube, uniq_natasha, uniq_sigmund

Skill      XL: |  1  2 |
---------------+-------+-----
Stealth        | 6 |  6.2
Fighting       | |  2.0
Short Blades   | |  2.2
Throwing       | |  2.1
Dodging        | |  1.1

Action                     || total
---------------------------++-------
  Melee: Dagger            ||    26
         Tentacles         ||     4
         Constrict         ||     5
    Use: Scroll            ||     4
   Stab: Sleeping          ||    10
         Distracted        ||     1
  Dodge: Dodged            ||    11

Table legend: (Time is in decaauts)
 A = Elapsed time spent in this place.
 B = Non-inter-level travel time spent in this place.
 C = Inter-level travel time spent in this place.
 D = Time resting spent in this place.
 E = Time spent auto-exploring this place.
 F = Levels seen in this place.
 G = Mean time per level.
                   A        B        C        D        E       F      G
               +--------+--------+--------+--------+--------+-----+--------+
         Total |    809 |    809 |      0 |    156 |    331 |   2 |  404.5 |
       Dungeon |    809 |    809 |      0 |    156 |    331 |   2 |  404.5 |
               +--------+--------+--------+--------+--------+-----+--------+

Top non-repeatable levels by time:
     D:1: 651 daAuts
     D:2: 157 daAuts
